AoeStats
← WING123456

Baltic

510505673Analyzed
4v4 RM · 1d ago on Oct 1, 2026· 51m 17s· 8 players
Game mode
Random Map
Map size
Large (8 player)
Population
200
Speed
Normal
Resources
Standard
Victory
Conquest
Starting age
Dark Age
Ending age
Imperial Age
RankedLock teamsTeams togetherTeam positionsShared explorationLock speedFull tech treeHidden civsTurbo modeCheats
Victory
Defeat
🇨🇳 Saxons · China
1311
+10
🇨🇳 Burgundians · China
1243
+12
🇹🇼 Georgians · Taiwan
1138
+16
🇩🇪 Britons · Germany
1136
+16
🇦🇺 Japanese · Australia
1194
-15
🇨🇳 Italians · China
1167
-14
🇦🇺 Spanish · Australia
1140
-13
1110
-12
Houseington
5:57 Loom
12:25 Feudal Age
16:14 Castle Age
14:03 Double-Bit Axe
15:33 Gold Mining
17:26 Medium Warships
21:29 Bow Saw
21:33 Fishing Lines
24:18 Horse Collar
24:49 Gillnets
25:50 Stone Mining
31:07 Fortified Wall
30:36 Pikeman
31:43 Scale Mail Armor
36:54 Chain Mail Armor
36:51 Forging
Scythian Wild Woman
5:07 Loom
10:59 Feudal Age
12:32 Double-Bit Axe
16:29 Castle Age
14:31 Fletching
16:13 Double-Bit Axe
17:50 Medium Warships
17:43 Bodkin Arrow
20:53 Padded Archer Armor
24:46 Town Watch
25:37 Wheelbarrow
29:01 Ballistics
28:52 Clinker Construction
28:30 Horse Collar
30:15 Scale Barding Armor
30:20 Forging
32:18 Husbandry
33:00 Chain Barding Armor
33:19 Bloodlines
37:01 Fishing Lines
38:28 Iron Casting
41:49 Hand Cart
WING123456
8:27 Loom
10:56 Feudal Age
11:04 Feudal Age
11:46 Double-Bit Axe
13:06 Fletching
16:47 Gold Mining
18:33 Horse Collar
22:02 Castle Age
20:44 Padded Archer Armor
23:01 Bodkin Arrow
22:29 Crossbowman
24:06 Bow Saw
25:40 Ballistics
28:10 Wheelbarrow
35:30 Imperial Age
33:37 Scale Mail Armor
33:47 Forging
34:51 Silk Road
34:55 Chain Mail Armor
34:48 Squires
34:34 Arson
36:48 Conscription
37:23 Iron Casting
37:18 Plate Mail Armor
38:56 Chemistry
39:49 Arbalester
40:37 Thumb Ring
42:17 Blast Furnace
41:21 Bracer
43:08 Blast Furnace
Not Dwight Kurt Schrute III
11:44 Feudal Age
13:13 Double-Bit Axe
18:51 Castle Age
20:01 Medium Warships
22:58 Loom
23:35 Bow Saw
24:53 Town Watch
27:17 Wheelbarrow
26:42 Town Patrol
27:48 Fishing Lines
34:51 Imperial Age
32:37 Hand Cart
32:22 Town Patrol
32:23 Horse Collar
34:39 Town Patrol
36:07 Thunderclap Bombs
36:17 Padded Archer Armor
36:26 Gold Mining
38:27 Two-Man Saw
38:50 Heavy Plow
43:13 Siege Engineers
Holako
2:31 Loom
14:56 Feudal Age
15:25 Double-Bit Axe
16:35 Horse Collar
23:40 Castle Age
21:43 Fletching
22:04 Gold Mining
22:50 Padded Archer Armor
24:15 Crossbowman
24:54 Bodkin Arrow
24:34 Pikeman
27:46 Leather Archer Armor
30:52 Ballistics
38:50 Imperial Age
36:56 Wheelbarrow
36:06 Town Watch
36:32 Squires
36:17 Arson
37:14 Bow Saw
38:25 Forging
38:15 Scale Mail Armor
39:33 Bracer
38:54 Arbalester
40:39 Chemistry
39:24 Capped Ram
40:56 Ring Archer Armor
41:10 Iron Casting
40:51 Chain Mail Armor
46:28 Blast Furnace
46:02 Plate Mail Armor
46:08 Hand Cart
45:53 Town Patrol
46:40 Yeomen
46:42 Conscription
49:24 Two-Man Saw
48:20 Stone Mining
49:08 Gold Shaft Mining
49:12 Elite Longbowman
49:54 Warwolf
49:26 Sappers
50:34 Hoardings
50:33 Scale Barding Armor
49:53 Heavy Scorpion
50:38 Halberdier
小天
11:31 Feudal Age
15:25 Castle Age
14:28 Double-Bit Axe
16:28 Horse Collar
18:06 Heavy Plow
18:20 Bow Saw
18:06 Stone Mining
21:51 Loom
23:02 Forging
24:41 Wheelbarrow
25:35 Scale Barding Armor
27:33 Chain Barding Armor
27:17 Husbandry
29:06 Town Watch
30:30 Iron Casting
31:01 Gold Mining
34:25 Imperial Age
33:25 Hand Cart
33:13 Town Patrol
33:31 Hand Cart
35:55 Plate Barding Armor
36:21 Blast Furnace
35:43 Conscription
35:13 Elite Monaspa
37:00 Aznauri Cavalry
38:23 Crop Rotation
38:18 Bloodlines
39:31 Light Cavalry
51:03 Spies/Treason
顶呱呱
11:10 Feudal Age
11:44 Double-Bit Axe
13:08 Bow Saw
13:15 Loom
14:06 Wheelbarrow
15:30 Gold Mining
19:38 Castle Age
19:37 Gold Shaft Mining
19:54 Horse Collar
20:30 Fishing Lines
21:56 Medium Warships
28:29 Heavy Plow
28:01 Elite Skirmisher
31:13 Padded Archer Armor
34:04 Burgundian Vineyards
34:26 Leather Archer Armor
38:19 Scale Mail Armor
38:13 Fletching
39:32 Hand Cart
43:26 Bodkin Arrow
47:26 Imperial Age
45:54 Stone Mining
47:08 Two-Man Saw
46:43 Crop Rotation
46:25 Gillnets
47:26 Stone Shaft Mining
46:58 Town Watch
48:31 Bracer
51:03 Ballistics
51:16 Guard Tower
52:46 Chemistry
S.T.A.R.S. Wesker
7:35 Loom
10:18 Feudal Age
10:53 Double-Bit Axe
16:21 Fletching
19:00 Castle Age
16:45 Horse Collar
19:56 Medium Warships
22:40 Bodkin Arrow
30:38 Wheelbarrow
30:09 Scale Mail Armor
30:47 Heavy Plow
32:30 Bow Saw
37:48 Imperial Age
35:37 Squires
35:23 Arson
35:23 Gambesons
36:24 Chain Mail Armor
36:19 Forging
39:01 Plate Mail Armor
39:09 Iron Casting
38:01 Elite Varangian Guard
49:13 Padded Archer Armor
49:32 Bracer
Connection lost

Rejoining the realm…

Still unreachable

The connection could not be restored.

Session expired

The server has moved on; the page needs a fresh start.